 Dungeon Crawl Stone Soup version 0.32-a0-818-gb728d0252e (webtiles) character file.

Game seed: 16810025744182818332

6112 whatisthis the Covert (level 11, -3/69 HPs)
             Began as a Kobold Brigand on Mar 23, 2024.
             Was a Priest of Uskayaw.
             Killed themself with a badly aimed rupture (13 damage)
             ... on level 1 of the Lair of Beasts.
             The game lasted 00:25:43 (9913 turns).

whatisthis the Covert (Kobold Brigand)              Turns: 9913, Time: 00:25:45

Health: -3/69      AC:  5    Str:  9    XL:     11   Next: 12%
Magic:  11/11      EV: 13    Int: 12    God:    Uskayaw [***...]
Gold:   340        SH:  0    Dex: 21    Spells: 10/10 levels left

rFire   + . .        n - +0 rapier
rCold   + . .        (no shield)
rNeg    . . .        b - +0 robe
rPois   +            y - +1 hat
rElec   .            F - scarf {rC+ rF+}
rCorr   .            (no gloves)
SInv    +            i - +1 pair of boots
Will    .....        A - amulet of the acrobat
Stlth   +++++++      G - ring of poison resistance
HPRegen 0.31/turn    c - ring of see invisible
MPRegen 0.12/turn

%: acrobat
@: no status effects
A: small, no large weapons, nightstalker 3
a: Renounce Religion, Stomp, Line Pass


You were on level 1 of the Lair of Beasts.
You worshipped Uskayaw.
Uskayaw was noncommittal.
You visited 3 branches of the dungeon, and saw 11 of its levels.

You collected 340 gold pieces.

Inventory:

Hand Weapons
 j - a +5 long sword of freezing
 n - a +0 rapier (weapon)
 w - a +0 spear of venom
Missiles
 d - 23 poisoned darts
 e - 2 curare-tipped darts (quivered)
 E - 3 boomerangs
Armour
 b - a +0 robe (worn)
 i - a +1 pair of boots (worn)
 y - a +1 hat (worn)
 F - a scarf of resistance (worn)
Jewellery
 c - a ring of see invisible (right hand)
 x - a ring of ice
 A - an amulet of the acrobat (around neck)
 G - a ring of poison resistance (left hand)
Wands
 I - a wand of warping (9)
Scrolls
 a - 3 scrolls of enchant armour
 g - 2 scrolls of revelation
 h - 3 scrolls of enchant weapon
 m - 3 scrolls of immolation
 o - 3 scrolls of teleportation
 p - 2 scrolls of noise
 s - 2 scrolls of amnesia {unknown}
 u - 3 scrolls of fear
 v - 2 scrolls of blinking {unknown}
 z - a scroll of silence {unknown}
 C - a scroll of poison {unknown}
 J - a scroll of brand weapon {unknown}
Potions
 f - 4 potions of lignification
 k - 3 potions of mutation {unknown}
 l - 2 potions of invisibility {unknown}
 q - 3 potions of curing {unknown}
 r - 2 potions of haste {unknown}
 B - a potion of heal wounds {unknown}
 D - a potion of might {unknown}
 H - a potion of brilliance {unknown}


   Skills:
 + Level 8.6 Fighting
 + Level 13.2 Short Blades
 - Level 2.1 Throwing
 - Level 1.2 Dodging
 + Level 14.9 Stealth


You had 10 spell levels left.
You didn't know any spells.
Your spell library contained the following spells:

 Spells                   Type           Power      Damage    Failure   Level
 Magic Dart               Conj           0%         1d3       32%         1
 Cigotuvi's Dreadful Rot  Necr/Alch/Air  0%         N/A       45%         2
 Searing Ray              Conj           0%         2d4       45%         2
 Dazzling Flash           Conj/Hex       0%         N/A       69%         3
 Frozen Ramparts          Ice            0%         1d1       69%         3
 Mephitic Cloud           Conj/Alch/Air  0%         N/A       69%         3
 Ozocubu's Armour         Ice            0%         N/A       69%         3
 Tukima's Dance           Hex            0%         N/A       69%         3
 Dimensional Bullseye     Hex/Tloc       0%         N/A       97%         4
 Fulminant Prism          Conj/Alch      0%         3d5       97%         4
 Iskenderun's Mystic Bla  Conj/Tloc      0%         2d3       97%         4
 Curse of Agony           Necr           0%         N/A       100%        5
 Metabolic Englaciation   Hex/Ice        0%         N/A       100%        5
 Silence                  Hex/Air        0%         N/A       100%        5
 Permafrost Eruption      Ice/Erth       0%         2x4d2     100%        6


Dungeon Overview and Level Annotations

Branches:
Dungeon (9/15)             Temple (1/1) D:7            Lair (1/5) D:8
    Orc: D:9-12

Altars:
Ashenzari
Cheibriados
Dithmenos
Elyvilon
Fedhas
Gozag
Hepliaklqana
Kikubaaqudgha
Makhleb
Nemelex Xobeh
Okawaru
Qazlal
Ru
Sif Muna
Trog
Uskayaw
Vehumet
Wu Jian
Xom
Yredelemnul
The Shining One

Shops:
D:4 [   D:5 =


Innate Abilities, Weirdness & Mutations

You are small and have problems with some larger weapons.
You are completely attuned to the shadows.


Message History

The skyshark is moderately wounded.
The skyshark barely misses you. The skyshark tail-slaps you. x2
You puncture the skyshark!
The skyshark is heavily wounded.
You puncture the skyshark!
The skyshark is heavily wounded.
The skyshark bites you!
The skyshark tastes blood and grows stronger!
The skyshark misses you. The skyshark tail-slaps you.
You hit the skyshark but do no damage.
The skyshark is heavily wounded.
Aiming: Warp Space
Press: ? - help, Shift-Dir - straight line, f/p - skyshark
Aim: a skyshark (heavily wounded, strong, poisoned, slow, chance to blink: 50%) Space twists violently!
The rupture engulfs the skyshark!
The skyshark blinks!
The skyshark is severely wounded.
The rupture engulfs you!
You blink.
* * * LOW HITPOINT WARNING * * *
You hear an angry hiss.
Uskayaw will force your foes to helplessly watch your dance.
Uskayaw prepares the audience for your solo!
The skyshark is no longer paralysed.
You hit the skyshark but do no damage.
The skyshark is severely wounded.
The skyshark is no longer moving slowly.
You hit the skyshark but do no damage.
The skyshark is almost dead.
The skyshark bites you.
* * * LOW HITPOINT WARNING * * *
The skyshark enters a blood-rage!
The skyshark tail-slaps you but does no damage.
The skyshark barely misses you.
Aiming: Warp Space
Press: ? - help, Shift-Dir - straight line, f/p - skyshark
Aim: a skyshark (severely wounded, berserk, poisoned, chance to blink: 50%) Space twists violently!
The rupture engulfs the skyshark!
The skyshark blinks!
The skyshark is almost dead.
The rupture engulfs you!
You die...
Your body falls in perfect tune with the rhythm.

.......##
.............
............####
................
.....ยง..........#.
.....@.......##...#
....F....(.(......#
..................P
............#......
....$.......##....#
............##....#
.... #....#
............ #.....
..............
#...##


You could see a skyshark (berserk, poisoned).

Vanquished Creatures
  A two-headed ogre (D:8)
  A kobold demonologist (D:9)
  3 komodo dragons (D:8)
  A troll (D:8)
  A wraith (D:9)
  2 wyverns (D:8)
  2 steam dragons (D:8)
  5 yaks (D:9)
  A basilisk (D:8)
  Menkaure (D:7)
  2 water moccasins
  Duvessa (D:6)
  An orc warrior (D:8)
  A black bear (D:6)
  A centaur (D:7)
  A kobold brigand (D:7)
  A gnoll sergeant (D:6)
  3 scorpions
  3 bullfrogs
  12 wights
  Dowan (D:6)
  5 killer bees (D:7)
  A howler monkey (D:6)
  A jelly (D:4)
  3 bombardier beetles
  A hound (D:7)
  2 sleepcaps
  3 iguanas
  2 orc wizards
  12 gnolls
  7 adders
  A shadow imp (D:7)
  A ribbon worm (D:4)
  3 dart slugs (D:1)
  15 orcs
  7 endoplasms
  5 giant cockroaches
  3 hobgoblins
  9 jackals
  14 kobolds
  7 quokkas
  5 ball pythons
  7 bats
  6 frilled lizards
  8 goblins
  10 rats
183 creatures vanquished.

Vanquished Creatures (others)
  An orc (D:8)
1 creature vanquished.

Grand Total: 184 creatures vanquished

Notes
Turn   | Place    | Note
-------+----------+-------------------------------------------
     0 | D:1      | whatisthis the Kobold Brigand began the quest for the Orb.
     0 | D:1      | Reached XP level 1. HP: 12/12 MP: 1/1
   111 | D:1      | Reached XP level 2. HP: 11/17 MP: 2/2
   386 | D:1      | Reached XP level 3. HP: 21/21 MP: 3/3
   438 | D:1      | Reached skill level 6 in Stealth
   930 | D:2      | Found a faded altar of an unknown god.
   966 | D:2      | Reached XP level 4. HP: 26/26 MP: 4/4
  1976 | D:3      | Reached skill level 5 in Short Blades
  1976 | D:3      | Reached skill level 7 in Stealth
  1976 | D:3      | Reached XP level 5. HP: 19/30 MP: 5/5
  2861 | D:4      | Reached XP level 6. HP: 35/35 MP: 6/6
  2895 | D:4      | Reached skill level 8 in Stealth
  2965 | D:4      | Found Ydaoh's Antique Armour Shop.
  3584 | D:5      | Entered Level 5 of the Dungeon
  3644 | D:5      | Reached XP level 7. HP: 40/40 MP: 7/7
  3950 | D:5      | Found Otiteurgh's Jewellery Boutique.
  3991 | D:5      | Reached skill level 9 in Stealth
  4323 | D:6      | Noticed a water moccasin
  4469 | D:6      | Noticed Dowan
  4471 | D:6      | Noticed Duvessa
  4473 | D:6      | Killed Dowan
  4496 | D:6      | Killed Duvessa
  4497 | D:6      | Reached XP level 8. HP: 25/44 MP: 8/8
  4569 | D:6      | Reached skill level 10 in Stealth
  5395 | D:6      | Got the Incunabulum of Electric Topomancy
  5709 | D:6      | Reached skill level 11 in Stealth
  6086 | D:7      | Noticed Menkaure
  6614 | D:7      | Reached XP level 9. HP: 51/51 MP: 9/9
  6628 | D:7      | Killed Menkaure
  6629 | D:7      | Reached skill level 10 in Short Blades
  6886 | D:8      | Found a hazy altar of Hepliaklqana.
  6926 | D:8      | Found an opulent altar of Gozag.
  7220 | D:8      | Reached skill level 12 in Stealth
  7280 | D:8      | Noticed a troll
  7285 | D:8      | Killed a troll
  7555 | D:8      | Reached skill level 5 in Fighting
  7632 | D:8      | Found a staircase to the Lair.
  7651 | D:8      | Noticed a komodo dragon
  7651 | D:8      | Noticed a komodo dragon
  7782 | D:8      | Noticed a two-headed ogre
  7799 | D:8      | Killed a two-headed ogre
  7800 | D:8      | Reached skill level 13 in Stealth
  7800 | D:8      | Reached XP level 10. HP: 28/61 MP: 10/10
  8731 | D:8      | Killed a komodo dragon
  8732 | D:8      | Noticed a komodo dragon
  8735 | D:8      | Killed a komodo dragon
  8740 | D:8      | Killed a komodo dragon
  8741 | D:8      | Reached skill level 14 in Stealth
  8875 | D:7      | Found a staircase to the Ecumenical Temple.
  8879 | Temple   | Entered the Ecumenical Temple
  8893 | Temple   | Became a worshipper of Uskayaw the Reveller
  8955 | D:7      | Reached * piety under Uskayaw
  8962 | D:7      | Reached ** piety under Uskayaw
  8969 | D:7      | Reached *** piety under Uskayaw
  9202 | D:9      | Found an ornate altar of the Wu Jian Council.
  9210 | D:9      | Noticed a kobold demonologist
  9215 | D:9      | Killed a kobold demonologist
  9337 | D:9      | Reached **** piety under Uskayaw
  9344 | D:9      | Reached XP level 11. HP: 13/68 MP: 11/11
  9734 | Lair:1   | Entered Level 1 of the Lair of Beasts
  9865 | Lair:1   | Noticed a skyshark
  9913 | Lair:1   | Killed themself with a badly aimed rupture

Illustrated notes

Levels and vault maps discovered:
D:1:      minmay_arrival_solitary_statue, layout_loops_ring
D:2:      layout_loops_corners, chequers_ecumenical_altar_grove
D:3:      kennysheep_big_flooded_room, layout_loops_ring
D:4:      layout_loops_ring, serial_shops, nicolae_shop_trees
D:5:      layout_rooms, serial_shops, nicolae_shop_tiny_real_fake_doors
D:6:      layout_loops_ring, serial_library_hellmonk_metal_room, uniq_duvessa
D:7:      layout_rooms, temple_statues, hangedman_decor_lopped, uniq_menkaure
D:8:      layout_basic, mainiacjoe_overflow_paths, nicolae_gozag_seed_capital,
          erik_lair_dragon
D:9:      layout_roguey, nzn_wu_jian_contemplation
Temple:   compressed_dpeg_circular_temple
Lair:1:   layout_chaotic_city, nzn_random_ring, serial_bayou_shore_b,
          serial_bayou_shore_b

Skill      XL: |  1  2  3  4  5  6  7  8  9 10 11 |
---------------+----------------------------------+-----
Short Blades   | 3 4 5 6 8 9 11 12 13 | 13.2
Stealth        | 6 7 8 9 11 13 14 | 14.9
Fighting       | 3 6 8 |  8.6
Throwing       | |  2.1
Dodging        | |  1.2

Action                     |  1- 3 |  4- 6 |  7- 9 | 10-12 || total
---------------------------+-------+-------+-------+-------++-------
  Melee: Dagger            |    84 |     6 |       |       ||    90
         Rapier            |       |   104 |   237 |   129 ||   470
  Throw: Dart              |     4 |       |    32 |     1 ||    37
  Evoke: Wand              |       |       |     1 |     1 ||     2
    Use: Potion            |       |       |     2 |       ||     2
         Scroll            |       |       |     3 |     4 ||     7
   Stab: Sleeping          |    18 |    40 |    18 |    14 ||    90
         Distracted        |     1 |     3 |     6 |       ||    10
         Paralysed         |       |       |       |     3 ||     3
 Armour: Robe              |    22 |    24 |   112 |    52 ||   210
         Skin              |       |       |    14 |       ||    14
  Dodge: Dodged            |    35 |    28 |   116 |    65 ||   244

Table legend: (Time is in decaauts)
 A = Elapsed time spent in this place.
 B = Non-inter-level travel time spent in this place.
 C = Inter-level travel time spent in this place.
 D = Time resting spent in this place.
 E = Time spent auto-exploring this place.
 F = Levels seen in this place.
 G = Mean time per level.
                   A        B        C        D        E       F      G
               +--------+--------+--------+--------+--------+-----+--------+
         Total |   9771 |   9167 |    604 |   1568 |   4121 |  11 |  888.3 |
       Dungeon |   9572 |   8981 |    591 |   1493 |   4121 |   9 | 1063.6 |
        Temple |     28 |     15 |     13 |      0 |      0 |   1 |   28.0 |
          Lair |    169 |    169 |      0 |     75 |      0 |   1 |  169.0 |
               +--------+--------+--------+--------+--------+-----+--------+

Top non-repeatable levels by time:
     D:6: 1946 daAuts
     D:8: 1900 daAuts
     D:2: 1035 daAuts
     D:7: 1010 daAuts
     D:1: 893 daAuts
     D:3: 845 daAuts
     D:4: 785 daAuts
     D:5: 716 daAuts
     D:9: 438 daAuts
  Lair:1: 169 daAuts
  Temple: 28 daAuts
